 Dungeon Crawl Stone Soup version 0.29-a0-384-g6960b1960d (webtiles) character file.

Game seed: 13672756015472365613

43038 HendSelp the Fencer (level 14, 0/84 HPs)
             Began as a Tengu Monk on May 6, 2022.
             Was an Initiate of Gozag.
             Slain by a +2 dire flail of speed (22 damage)
             ... created by the rancor of the Wu Jian Council
             ... on level 5 of the Lair of Beasts.
             The game lasted 00:32:22 (14358 turns).

HendSelp the Fencer (Tengu Monk)                   Turns: 14358, Time: 00:32:23

Health: 0/84       AC: 12    Str: 13    XL:     14   Next: 22%
Magic:  15/15      EV: 23    Int: 10    God:    Gozag
Gold:   393        SH:  0    Dex: 21    Spells: 13/13 levels left

rFire   + + +      SeeInvis .   E - +8 arc blade {discharge, rElec}
rCold   x . .      Faith    .   (no shield)
rNeg    . . .      Spirit   .   a - +3 salamander hide armour {Flames rF++ rC--}
rPois   +          Reflect  .   l - +2 hat
rElec   +          Harm     .   B - +2 cloak
rCorr   +          Rampage  .   (no gloves)
Will    +++..                   (boots unavailable)
Stlth   +.........              b - amulet of regeneration
HPRegen 1.04/turn               G - ring of willpower
MPRegen 0.14/turn               H - ring of willpower

@: silenced, resistant, flying quickly and evasively, hasted (expiring),
studying Staves, very quick
A: beak, talons 3, nimble flight
a: Renounce Religion


You were on level 5 of the Lair of Beasts.
You worshipped Gozag.
Gozag was aware of your devotion.
You visited 3 branches of the dungeon, and saw 17 of its levels.
You also visited: Ossuary.

You collected 3243 gold pieces.
You spent 1830 gold pieces at shops.
You paid 1020 gold pieces to Gozag.

Inventory:

Hand Weapons
 E - the +8 arc blade (weapon) {discharge, rElec}
   (You bought it in a shop on level 6 of the Dungeon)

   It occasionally unleashes powerful arcs of lightning upon striking a foe.
   These may arc to other adjacent creatures (including the wielder, but dealing
   reduced damage to them) before grounding out.
   rElec:     It insulates you from electricity.
Missiles
 y - a throwing net
Armour
 a - the +3 salamander hide armour (worn) {Flames rF++ rC--}
   (You bought it in a shop on level 2 of the Dungeon)

   It surrounds you with a cloud of flames.
   It grants immunity to clouds of flame.
   It enhances your fire magic.
   rF:        It greatly protects you from fire.
   rC:        It makes you very vulnerable to cold.
 l - a +2 hat (worn)
 B - a +2 cloak (worn)
 I - a +2 buckler
Jewellery
 b - an amulet of regeneration (around neck)
 i - a ring of resist corrosion
 D - a ring of positive energy
 G - a ring of willpower (left hand)
 H - a ring of willpower (right hand)
 L - an amulet of guardian spirit
Wands
 j - a wand of polymorph (12)
 o - a wand of charming (5)
 q - a wand of digging (3)
 t - a wand of acid (7)
 z - a wand of iceblast (2)
 F - a wand of paralysis (2)
Scrolls
 d - 18 scrolls of teleportation
 e - 7 scrolls of silence
 f - a scroll of immolation (quivered)
 g - 2 scrolls of blinking
 m - a scroll of enchant armour
 w - 2 scrolls of amnesia
 K - 2 scrolls of fog
Potions
 c - 3 potions of ambrosia
 h - 4 potions of brilliance
 k - 3 potions of cancellation
 p - 3 potions of lignification
 r - 8 potions of curing
 u - 3 potions of haste
 v - a potion of invisibility
 A - a potion of berserk rage
 C - a potion of mutation
 J - a potion of magic


   Skills:
 + Level 8.6 Fighting
 + Level 13.9(17.2) Short Blades
 - Level 16.5(18.4) Long Blades
 + Level 8.3 Armour
 + Level 11.1 Dodging
 - Level 2.0 Stealth


You had 13 spell levels left.
You didn't know any spells.
Your spell library contained the following spells:

 Spells                   Type           Power      Damage    Failure   Level
 Animate Skeleton         Necr           0%         N/A       43%         1
 Apportation              Tloc           0%         N/A       43%         1
 Magic Dart               Conj           0%         1d3       43%         1
 Pain                     Necr           0%         1d4       43%         1
 Slow                     Hex            0%         N/A       43%         1
 Searing Ray              Conj           0%         2d4       56%         2
 Sublimation of Blood     Necr           0%         N/A       56%         2
 Confusing Touch          Hex            0%         N/A       80%         3
 Vampiric Draining        Necr           0%         2d6       80%         3
 Airstrike                Air            0%         N/A       99%         4
 Fulminant Prism          Conj/Hex       0%         3d6       99%         4
 Petrify                  Tmut/Erth      0%         N/A       99%         4
 Sticky Flame             Conj/Fire      0%         2d3       99%         4
 Summon Lightning Spire   Summ/Air       0%         N/A       99%         4
 Alistair's Intoxication  Tmut/Pois      0%         N/A       100%        5
 Borgnjor's Vile Clutch   Necr/Erth      0%         N/A       100%        5
 Fireball                 Conj/Fire      0%         3d3       100%        5
 Irradiate                Conj/Tmut      0%         3d13      100%        5
 Lightning Bolt           Conj/Air       0%         1d11      100%        5
 Eringya's Noxious Bog    Tmut/Pois      0%         N/A       100%        6
 Necromutation            Tmut/Necr      0%         N/A       100%        8


Dungeon Overview and Level Annotations

Branches:
Dungeon (11/15)            Temple (1/1) D:7            Lair (5/6) D:10
 Shoals (0/4) Lair:4       Spider (0/4) Lair:2      Ossuary (visited)
  Slime: Lair:5-6       Orc: D:9-12

Altars:
Ashenzari
Cheibriados
Dithmenos
Elyvilon
Fedhas
Gozag
Hepliaklqana
Kikubaaqudgha
Makhleb
Nemelex Xobeh
Okawaru
Qazlal
Ru
Sif Muna
Trog
Uskayaw
Vehumet
Wu Jian
Xom
Yredelemnul
Zin
The Shining One

Shops:
D:2 *(*[:   D:6 (   Lair:4 *

Annotations:
D:3 1 runed translucent door, Bediveer's ghost, amateur GrEE
D:5 2 transporters
Lair:4 exclusion: ice statue


Innate Abilities, Weirdness & Mutations

You have a beak for a mouth.
You have claws for feet.
Your magical nature lets you fly swiftly and evasively.


Message History

* * * LOW HITPOINT WARNING * * *
The +4 broad axe of freezing freezes you.
* * * LOW HITPOINT WARNING * * *
Unknown command.
Unknown command.
Unknown command.
Unknown command.
Unknown command.
Unknown command.
Unknown command.
Unknown command.
Unknown command.
Unknown command.
Unknown command.
Unknown command.
Unknown command.
Unknown command.
Unknown command.
Okay, then.
You feel better.
The +0 broad axe of speed is engulfed in blazing flames.
The +0 broad axe of speed closely misses you.
The +1 vorpal glaive completely misses you.
The +2 dire flail of speed is engulfed in blazing flames.
The +2 dire flail of speed hits you!
* * * LOW HITPOINT WARNING * * *
You feel better.
The +0 broad axe of speed is engulfed in blazing flames.
The +0 broad axe of speed hits you but does no damage.
The +4 broad axe of freezing is engulfed in blazing flames.
The +4 broad axe of freezing misses you.
Unknown command.
Unknown command.
You hit the +4 broad axe of freezing. You claw the +4 broad axe of freezing.
Your peck misses the +4 broad axe of freezing.
The +4 broad axe of freezing is almost destroyed.
The +2 dire flail of speed is engulfed in blazing flames.
The +2 dire flail of speed hits you!!
You die...
Your body crumbles into a pile of gold.

#....#..####.......
#.....P.##.........
#................#.
#..........!.......
#..................
#..................
#..................
#......○(☼.........
#......(@○.........
#......☼(☼.........
#........(.........
#..................
#.#...............
#..#........P....
.#......#......
##.#)..##.....


You could see 4 dancing weapons.

Vanquished Creatures
  Gastronok (Lair:2)
  The ghost of Doorstop00 the Cleaver, a journeyman MiBe of Trog (Lair:4)
  5 hydras
  A boulder beetle (D:11)
  3 two-headed ogres
  A centaur warrior (D:11)
  Erica (Lair:2)
  4 death yaks (Lair:3)
  Nergalle (Lair:2)
  Amaemon (D:9)
  5 skeletal warriors (D:8)
  A wizard (D:11)
  An orc knight (D:11)
  An ugly thing (D:11)
  A manticore (D:11)
  A cyclops (D:11)
  A moth of wrath (Lair:4)
  5 elephants (Lair:4)
  2 black mambas (Lair:4)
  A black mamba (shapeshifter) (D:11)
  Maggie (D:7)
  An orange demon (D:9)
  3 gargoyles
  4 cane toads
  3 rime drakes
  A kobold demonologist (D:11)
  A freezing wraith (Lair:4)
  7 komodo dragons
  A polar bear (Lair:3)
  2 trolls (D:11)
  A hornet (D:8)
  Grinder (D:4)
  31 dancing weapons
  13 blink frogs
  A culicivora (Lair:2)
  4 jumping spiders (Lair:2)
  4 wyverns
  A shadow (D:10)
  2 vampires
  A basilisk (Lair:3)
  28 yaks
  2 redbacks (Lair:2)
  A steam dragon (D:6)
  2 acid dragons
  11 water moccasins
  7 orc warriors
  8 ice beasts (Lair:4)
  A black bear (Lair:3)
  18 wolves
  An ogre (D:5)
  4 centaurs
  13 bullfrogs
  3 necrophages
  2 scorpions
  5 water moccasin zombies (Ossuary)
  4 wights (D:7)
  18 killer bees
  3 electric eels
  4 hounds
  2 jellies
  4 orc priests
  2 gnoll shamans
  Jessica (D:3)
  An iguana (D:5)
  10 orc wizards
  2 mummies (Ossuary)
  3 gnolls (D:6)
  12 adders
  A shadow imp (D:5)
  2 white imps (Lair:4)
  2 ufetubi
  An adder zombie (Ossuary)
  2 worms (D:2)
  4 dart slugs
  43 orcs
  5 endoplasms
  4 giant cockroaches
  2 gnoll zombies (Ossuary)
  6 goblins
  3 hobgoblins
  4 jackals
  7 kobolds
  7 quokkas
  4 ball pythons
  7 bats
  6 frilled lizards
  2 hobgoblin zombies (Ossuary)
  2 kobold zombies (Ossuary)
  2 orc zombies (Ossuary)
  7 rats
416 creatures vanquished.

Vanquished Creatures (others)
  A human (D:9)
  57 fungi
  130 plants
188 creatures vanquished.

Grand Total: 604 creatures vanquished

Notes
Turn   | Place    | Note
-------+----------+-------------------------------------------
     0 | D:1      | HendSelp the Tengu Monk began the quest for the Orb.
     0 | D:1      | Reached XP level 1. HP: 14/14 MP: 2/2
   268 | D:1      | Reached XP level 2. HP: 16/19 MP: 3/3
   879 | D:2      | Found Geshreyrgh's Armour Emporium.
   892 | D:2      | Found Cedenn's Assorted Antiques.
   984 | D:2      | Found Xyistiss's Antique Weapon Boutique.
  1106 | D:2      | Reached skill level 4 in Long Blades
  1148 | D:2      | Found Niyth's General Store.
  1179 | D:2      | Found Dufiev's Book Shoppe.
  1250 | D:2      | Reached XP level 3. HP: 18/23 MP: 4/4
  2115 | D:3      | Reached XP level 4. HP: 28/28 MP: 5/5
  2201 | D:3      | Found a hazy altar of Hepliaklqana.
  2585 | D:3      | Found a hide-covered altar of Uskayaw.
  2588 | D:3      | Noticed a +0 hand axe
  2589 | D:3      | Noticed a +0 dagger
  2613 | D:3      | Reached skill level 5 in Long Blades
  2627 | D:3      | Noticed Jessica
  2634 | D:3      | Killed Jessica
  2635 | D:3      | Gained mutation: Your magical nature lets you fly swiftly
                  | and evasively. [Tengu growth]
  2635 | D:3      | Reached XP level 5. HP: 32/32 MP: 6/6
  2771 | D:3      | Found a sparkling altar of Nemelex Xobeh.
  3097 | D:3      | Found a faded altar of an unknown god.
  3380 | D:3      | Reached skill level 6 in Long Blades
  3668 | D:3      | Found a runed translucent door.
  3669 | D:3      | Noticed Bediveer's ghost (amateur GrEE)
  3684 | D:3      | Identified a scroll of acquirement
  3684 | D:3      | Acquired 1020 gold pieces
  3766 | D:2      | Bought the +3 salamander hide armour {Flames rF++ rC--} for
                  | 345 gold pieces
  3766 | D:2      | Found the +3 salamander hide armour {Flames rF++ rC--}
  3931 | D:4      | Found a burning altar of Makhleb.
  3941 | D:4      | Reached XP level 6. HP: 34/37 MP: 7/7
  4004 | D:4      | Noticed Grinder
  4013 | D:4      | Paralysed by Grinder for 5 turns
  4015 | D:4      | Killed Grinder
  4016 | D:4      | Reached skill level 7 in Long Blades
  4016 | D:4      | Reached XP level 7. HP: 20/41 MP: 8/8
  4470 | D:4      | Reached skill level 8 in Long Blades
  4470 | D:4      | Reached skill level 5 in Dodging
  4911 | D:5      | Entered Level 5 of the Dungeon
  4946 | D:5      | Found a shadowy altar of Dithmenos.
  4972 | D:5      | Reached skill level 9 in Long Blades
  4997 | D:5      | Found a snail-covered altar of Cheibriados.
  5014 | D:5      | Found a transporter.
  5017 | D:5      | Found a sand-covered staircase.
  5025 | D:5      | Reached XP level 8. HP: 46/46 MP: 9/9
  5027 | Ossuary  | Entered an ossuary
  5043 | Ossuary  | Reached skill level 1 in Armour
  5060 | Ossuary  | Reached skill level 10 in Long Blades
  5195 | D:5      | Found a transporter.
  5217 | D:5      | Found a shimmering altar of Xom.
  5793 | D:6      | Reached skill level 11 in Long Blades
  5820 | D:6      | Found an ornate altar of the Wu Jian Council.
  5893 | D:6      | Reached XP level 9. HP: 42/50 MP: 10/10
  5940 | D:6      | Became a worshipper of the Wu Jian Council
  5940 | D:6      | Reached * piety under Wu Jian
  5940 | D:6      | Reached ** piety under Wu Jian
  6121 | D:6      | Found Retir's Antique Weapon Boutique.
  6395 | D:7      | Noticed a two-headed ogre
  6404 | D:7      | Killed a two-headed ogre
  6405 | D:7      | Reached skill level 12 in Long Blades
  6476 | D:7      | Found a staircase to the Ecumenical Temple.
  6529 | D:7      | Reached skill level 13 in Long Blades
  6539 | Temple   | Entered the Ecumenical Temple
  6871 | D:7      | Noticed Maggie
  6881 | D:7      | Killed Maggie
  6919 | D:7      | Reached XP level 10. HP: 30/56 MP: 11/11
  7353 | D:8      | Reached skill level 14 in Long Blades
  7559 | D:8      | Found a glowing silver altar of Zin.
  7738 | D:8      | Noticed a skeletal warrior
  7739 | D:8      | Found a blossoming altar of Fedhas.
  7742 | D:8      | Noticed a skeletal warrior
  7742 | D:8      | Noticed a skeletal warrior
  7742 | D:8      | Noticed a skeletal warrior
  7754 | D:8      | Killed a skeletal warrior
  7755 | D:8      | Reached skill level 5 in Armour
  7773 | D:8      | Killed a skeletal warrior
  7799 | D:8      | Noticed a skeletal warrior
  7806 | D:8      | Reached skill level 15 in Long Blades
  7810 | D:8      | Killed a skeletal warrior
  7810 | D:8      | Reached *** piety under Wu Jian
  7990 | D:8      | Killed a skeletal warrior
  7991 | D:8      | Reached XP level 11. HP: 60/60 MP: 12/12
  8002 | D:8      | Found a broken altar of Ashenzari.
  8002 | D:8      | Killed a skeletal warrior
  8097 | D:8      | Found a sacrificial altar of Ru.
  8147 | D:8      | Reached skill level 16 in Long Blades
  8494 | D:9      | Noticed Amaemon
  8512 | D:9      | Killed Amaemon
  8522 | D:9      | Acquired 438 gold pieces
  8621 | D:6      | Bought the +8 arc blade {discharge, rElec} for 1320 gold
                  | pieces
  8621 | D:6      | Found the +8 arc blade {discharge, rElec}
  8755 | D:9      | Found an ancient bone altar of Kikubaaqudgha.
  8891 | D:10     | Entered Level 10 of the Dungeon
  9031 | D:10     | Reached skill level 1 in Short Blades
  9314 | D:10     | Found a staircase to the Lair.
  9537 | D:11     | Noticed an orc knight
  9549 | D:11     | Killed an orc knight
  9549 | D:11     | Reached **** piety under Wu Jian
  9549 | D:11     | Noticed a centaur warrior
  9552 | D:11     | Noticed a manticore
  9552 | D:11     | Noticed a two-headed ogre
  9552 | D:11     | Noticed a two-headed ogre
  9553 | D:11     | Noticed a brown ugly thing
  9553 | D:11     | Noticed a boulder beetle
  9557 | D:11     | Killed a centaur warrior
  9572 | D:11     | Killed a two-headed ogre
  9573 | D:11     | Reached XP level 12. HP: 61/67 MP: 13/13
  9581 | D:11     | Reached skill level 5 in Short Blades
  9592 | D:11     | Killed a two-headed ogre
  9599 | D:11     | Reached skill level 5 in Fighting
  9607 | D:11     | Killed a boulder beetle
  9651 | D:11     | Noticed a six-headed hydra
  9714 | D:11     | Identified the +2 helmet of Sif Muna's Generosity {Str+3}
  9764 | D:11     | Noticed a frost giant
  9764 | D:11     | Noticed a boulder beetle
  9764 | D:11     | Noticed an ettin
  9764 | D:11     | Noticed a catoblepas
  9848 | Lair:1   | Entered Level 1 of the Lair of Beasts
 10868 | Lair:2   | Noticed Erica
 10876 | Lair:2   | Killed Erica
 10942 | Lair:2   | Got Gioxeof's Grimoire of Unholy Magic and the Arsonist
 11001 | Lair:2   | Noticed Gastronok
 11013 | Lair:2   | Killed Gastronok
 11014 | Lair:2   | Reached skill level 10 in Short Blades
 11014 | Lair:2   | Reached XP level 13. HP: 54/74 MP: 14/14
 11056 | Lair:2   | Noticed Nergalle
 11064 | Lair:2   | Killed Nergalle
 11319 | Lair:2   | Found a hole to the Spider Nest.
 11885 | Temple   | Fell from the grace of Wu Jian
 11885 | Temple   | Became a worshipper of Gozag Ym Sagoz the Greedy
 12233 | Lair:3   | Reached skill level 10 in Dodging
 13564 | Lair:4   | Noticed Doorstop00's ghost (journeyman MiBe)
 13571 | Lair:4   | Found a staircase to the Shoals.
 13650 | Lair:4   | Found a transporter.
 13695 | Lair:4   | Found a transporter.
 13697 | Lair:4   | Bought a shimmering glass ring for 165 gold pieces
 13697 | Lair:4   | Identified the ring "Qyattoit" {Fly rPois rC- Will+ Dex+6}
                  | (You bought it in a shop on level 4 of the Lair of Beasts)
 13713 | Lair:4   | Reached XP level 14. HP: 78/84 MP: 15/15
 14224 | Lair:4   | Killed Doorstop00's ghost
 14358 | Lair:5   | Slain by a +2 dire flail of speed

Illustrated notes

Levels and vault maps discovered:
D:1:      lightli_arrival_maybe_door_vault, layout_rooms,
          dreamdust_princess_bridge, nicolae_concentric_dashed_squares_mild
D:2:      layout_loops_corners, serial_shops, shop_statue, shop,
          nicolae_shop_waterfront, nicolae_shop_behind_doors,
          nicolae_shop_hallway_stairs, minmay_diced_spiral
D:3:      minmay_thinvault, layout_loops_corners, dancing_weapons_uskayaw,
          mainiacjoe_overflow_alcove_4, nemelex_xobeh_ov_fountains_minmay,
          shapermc_ecumenical_altar_mp_highgroup, ebering_ghost_reflecting_pool,
          uniq_jessica
D:4:      layout_basic, mainiacjoe_overflow_brackets, uniq_grinder
D:5:      gammafunk_wand_slinger, layout_basic, old_standard_altar,
          overflow_temple_1_default, mainiacjoe_overflow_catwalk,
          enter_ossuary_1
D:6:      layout_basic, nicolae_wu_jian_immortal_techniques,
          nicolae_inconvenience_store, lemuel_old_faithful
D:7:      layout_gridville, minmay_temple_entry_grid, minmay_misc_feat_tiny,
          uniq_maggie
D:8:      layout_rooms, nicolae_ru_path_of_blood, zin_treasury,
          nicolae_overflow_squiral, grunt_ministairs_3
D:9:      layout_rooms, tgw_kikubaaqudgha, uniq_amaemon
D:10:     layout_roguey, david_lair_shrubbed
D:11:     layout_basic, hiddenorc1_lemuel, serial_shops, shop_fountains,
          nicolae_rejected_hall, uniq_erolcha
Temple:   compressed_dpeg_triangle_lava_temple
Lair:1:   layout_small_grid
Lair:2:   layout_chaotic_city, nicolae_spider_entry_tight_spaces,
          serial_bayou_shore_a, uniq_erica, uniq_gastronok, uniq_nergalle
Lair:3:   layout_small_grid, infiniplex_staircase_pool_2
Lair:4:   layout_small_grid, minmay_shoals_entry_centaurs,
          gammafunk_ghost_berserking_beasts, ice2_lemuel, lemuel_fruit_tree
Lair:5:   layout_hall_layers, nicolae_slime_entry_slimehenge,
          gammafunk_ghost_wrathful_warriors, nzn_sisyphean_effort,
          lemuel_fruit_fields, lemuel_fruit_fields

Skill      XL: |  1  2  3  4  5  6  7  8  9 10 11 12 13 14 |
---------------+-------------------------------------------+-----
Long Blades    | 4 5 6 7 9 11 13 15 16 | 16.5
Dodging        | 4 5 6 7 8 9 10 11 | 11.1
Armour         | 2 4 5 7 8 |  8.3
Short Blades   | 4 10 13 | 13.9
Fighting       | 4 6 8 |  8.6
Stealth        | |  2.0

Action                   |  1- 3 |  4- 6 |  7- 9 | 10-12 | 13-15 || total
-------------------------+-------+-------+-------+-------+-------++-------
Melee: Falchion          |    71 |    86 |    69 |    77 |       ||   303
       Kick              |    17 |    20 |    16 |    87 |   132 ||   272
       Peck              |     9 |    13 |    13 |    42 |    73 ||   150
       Rapier            |       |       |       |   158 |   324 ||   482
       Punch             |       |       |       |     2 |     5 ||     7
Invok: Lunge             |       |       |    15 |    61 |     8 ||    84
       Whirlwind         |       |       |       |     3 |       ||     3
       Call Merchant     |       |       |       |       |     1 ||     1
  Use: Scroll            |     8 |     4 |     3 |    13 |     6 ||    34
       Potion            |       |     1 |       |     5 |    15 ||    21
 Stab: Sleeping          |     5 |     7 |     2 |     6 |       ||    20
       Distracted        |       |     1 |     1 |     1 |       ||     3
       Fleeing           |       |       |       |       |     1 ||     1
       Invisible         |       |       |       |       |     4 ||     4
Armor: Robe              |    16 |     4 |       |       |       ||    20
       Leather armour    |       |       |     7 |    22 |    25 ||    54
Dodge: Dodged            |    38 |    59 |    27 |   107 |   168 ||   399

Table legend: (Time is in decaauts)
 A = Elapsed time spent in this place.
 B = Non-inter-level travel time spent in this place.
 C = Inter-level travel time spent in this place.
 D = Time resting spent in this place.
 E = Time spent auto-exploring this place.
 F = Levels seen in this place.
 G = Mean time per level.
                   A        B        C        D        E       F      G
               +--------+--------+--------+--------+--------+-----+--------+
         Total |  13188 |  11952 |   1236 |    496 |   9040 |  18 |  732.7 |
       Dungeon |   8998 |   8002 |    996 |    372 |   6015 |  11 |  818.0 |
        Temple |    272 |    240 |     32 |      0 |    233 |   1 |  272.0 |
          Lair |   3800 |   3593 |    207 |    124 |   2774 |   5 |  760.0 |
       Ossuary |    117 |    117 |      0 |      0 |     18 |   1 |  117.0 |
               +--------+--------+--------+--------+--------+-----+--------+

Top non-repeatable levels by time:
     D:3: 1636 daAuts
     D:2: 1333 daAuts
  Lair:3: 1044 daAuts
  Lair:1: 971 daAuts
     D:8: 937 daAuts
     D:4: 907 daAuts
  Lair:2: 883 daAuts
     D:1: 881 daAuts
  Lair:4: 870 daAuts
     D:7: 731 daAuts
     D:6: 728 daAuts
    D:10: 660 daAuts
     D:5: 496 daAuts
     D:9: 416 daAuts
  Temple: 272 daAuts
